[Event "*** Titled Tuesday Blitz"]
[Site "Chess.com"]
[Date "2020.04.28"]
[Round "6"]
[White "GasconJR"]
[Black "noblerone"]
[Result "0-1"]
[WhiteElo "2578"]
[BlackElo "2448"]
[TimeControl "180+1"]
[EndTime "11:07:57 PDT"]
[Termination "noblerone won by resignation"]

1. d4 d5 2. Bf4 c5 3. e3 Nc6 4.
Nf3 Nf6 5. Nbd2 Bg4 6. h3 Bxf3 7. Nxf3 e6 8. Ne5 Qb6 9. Be2 Be7 10. O-O O-O 11.
a4 cxd4 12. Nxc6 bxc6 13. exd4 Qxb2 14. Qd3 Qb6 15. Rfb1 Qa5 16. c3 Ne4 17. Bf3 Nd6 18. Be2 Rab8 19. Qg3 Rxb1+ 20. Rxb1 Ne4 21. Qd3 Qxc3 22.
Rc1 Qxd3 23. Bxd3 Rc8 24. Ba6 Rd8 25. Rxc6 Bf6 26. Be3 Nd6 27. Rc7 Ra8 28. g4 h6 29. g5 hxg5 30. f3 Nc4 31. Bc1 Rb8 32. Kf1 Rb1 33. Ke2 Rxc1 34. Rxa7 Kh7 35. Kd3 Ra1 36.
Rxf7 Kg6 37. Rc7 Rxa4 38. Bb5 Ra3+ 39. Kc2 Rxf3 40. Be8+ Kf5 41. Rf7 Rxh3 42. Bd7 Rh2+ 43. Kd3 Nd6 44. Rf8 Rh3+ 45. Ke2 Ke4 46. Re8 Rh2+ 47.
Kf1 Kxd4 48. Bxe6 Ne4 49. Bf5 Rf2+ 50. Ke1 Rxf5 51. Kd1 Ke3 52. Kc2 d4 53. Kb3 Rf2 54.
Kc4 Rc2+ 55. Kd5 d3 56. Rxe4+ Kd2 57. Rg4 Kc1 58. Ke4 d2 0-1

[Event "*** Titled Tuesday Blitz"]
[Site "Chess.com"]
[Date "2020.04.28"]
[Round "6"]
[White "AlexZambrano"]
[Black "Triumphmate"]
[Result "1-0"]
[WhiteElo "2367"]
[BlackElo "2506"]
[TimeControl "180+1"]
[EndTime "11:07:58 PDT"]
[Termination "AlexZambrano won by resignation"]

1. Nf3 Nf6 2. d4 e6 3. g3 d5 4. Bg2 Be7 5. c4 O-O 6. O-O dxc4 7. Ne5 c5 8. dxc5 Bxc5 9. Nxc4 Qe7 10. Nc3 Nc6 11. Bg5 Rd8 12. Qc1 Nd4 13. e3 Nf5 14. Ne4 Bb6 15. Nxb6 axb6 16. Bxf6 gxf6 17. Qc3 e5 18. a3 Be6 19. Rfd1 Rac8 20. Rxd8+ Qxd8 21. Qd2 Qe7 22. Rc1 Rd8 23. Qe2 Nd6 24. Nxd6 Qxd6 25. Bxb7 Qd2 26. Rc2 Qd1+ 27. Qxd1 Rxd1+ 28. Kg2 Bf5 29. Rc7 Rd2 30. b4 Ra2 31. Rc3 Rb2 32. e4 Bg4 33. h3 Be6 34. Bc6 Kg7 35. b5 h5 36.
h4 Ra2 37. Bd5 Bxd5 38. exd5 Rd2 39. Rc6 Rxd5 40. Rxb6 Rd2 41. a4 Ra2 42. Ra6 e4 43.
Kf1 Kg6 44. b6 Kf5 45. b7 Rb2 46. Ra7 Kg4 47. Ra6 Kf3 48. Rxf6+ Kg4 49. Rxf7 Kh3 50. a5 e3 51. fxe3 Kxg3 52. a6 Rb1+ 53. Ke2 Rb2+ 54. Kd3 Rb3+ 55. Kd4 Rxb7 56. axb7 1-0

[Event "*** Titled Tuesday Blitz"]
[Site "Chess.com"]
[Date "2020.04.28"]
[Round "6"]
[White "Jabberwockiez"]
[Black "AlanZhang"]
[Result "0-1"]
[WhiteElo "2273"]
[BlackElo "2167"]
[TimeControl "180+1"]
[EndTime "11:07:58 PDT"]
[Termination "AlanZhang won by checkmate"]

1. e4 e5 2. Nf3 Nc6 3. Bb5 a6 4. Ba4 Nf6 5. O-O Be7 6. Re1 b5 7. Bb3 d6 8. c3 O-O 9. h3 Na5 10.
Bc2 c5 11. d4 cxd4 12. cxd4 Qc7 13. Be3 Nc4 14. b3 Nxe3 15. Rxe3 Bd7 16. Nbd2 Rfc8 17.
Rc1 Bf8 18. Nf1 g6 19. Ng3 Bh6 20. Ne2 Bxe3 21. fxe3 Qb6 22. dxe5 Qxe3+ 23. Kh2 dxe5 24. Nxe5 Be6 25. Ng3 Rd8 26. Qf1 Kg7 27. Re1 Qc5 28. Nd3 Qxc2 29. Nf4 Rd2 30. e5 Nd5 31. Ngh5+ gxh5 32. Nxh5+ Kg8 33. Qf3 Rxg2+ 34. Qxg2+ Qxg2+ 35. Kxg2 Rc8 36. Rd1 Rc2+ 37. Kg1 Rxa2 38. Rxd5 Bxd5 39. Nf6+ Kf8 40.
Nxd5 a5 41. Nb6 a4 42. bxa4 bxa4 43. Nd7+ Ke7 44. Nc5 a3 45. Nd3 Rc2 46. Nb4 Rb2 47. Nd3 Rb1+ 48. Kf2 a2 49. Nf4 a1=Q 50. Nd5+ Ke6 51.
Ne3 Qxe5 52. Kf3 Rb3 53. Kg2 Qxe3 54. h4 Qf3+ 55. Kh2 Rb2+ 56. Kg1 Qg2# 0-1

[Event "*** Titled Tuesday Blitz"]
[Site "Chess.com"]
[Date "2020.04.28"]
[Round "6"]
[White "djano"]
[Black "Phenix2k"]
[Result "1-0"]
[WhiteElo "2455"]
[BlackElo "2286"]
[TimeControl "180+1"]
[EndTime "11:07:59 PDT"]
[Termination "djano won by resignation"]

1. d4 Nf6 2. Bf4 d5 3. e3 e6 4. Nf3 Bd6 5. Bg3 O-O 6. Nbd2 c5 7. c3 Qc7 8. dxc5 Qxc5 9. Bd3 Qc7 10. Qe2 Nbd7 11.
e4 dxe4 12. Nxe4 Nxe4 13. Qxe4 Nf6 14. Qh4 h6 15. O-O-O Bxg3 16. hxg3 e5 17. Kb1 Bg4 18. Rde1 Rfe8 19. Bc2 b5 20. Nh2 Be6 21. g4 Qa5 22.
a3 Rac8 23. g5 Rxc3 24. Qb4 Qxb4 25. axb4 Rxc2 26. Kxc2 Nd5 27. Rxe5 Nxb4+ 28. Kc3 Nd5+ 29. Kd4 Rd8 30. gxh6 gxh6 31. Kc5 a6 32. Nf3 Rc8+ 33.
Kd6 Rd8+ 34. Kc6 Rc8+ 35. Kb7 Rc2 36. Rxh6 a5 37. Nd4 Rc7+ 38. Kb8 Rd7 39. Rg5+ Kf8 40.
Nxe6+ fxe6 41. Rh8+ Ke7 42. Rg7+ Kd6 43. Rxd7+ Kxd7 44. g4 b4 45. g5 Ke7 46. Rh7+ Kf8 47. Ra7 Kg8 48. Rxa5 Kg7 49. Ra6 Kf7 50. g6+ Kxg6 51. Rxe6+ Kf5 52. Re8 Kf4 53. Kb7 Kf3 54. Rf8+ Ke4 55.
Kc6 Nf4 56. Kb5 Nd3 57. b3 Nf4 58. Rxf4+ Kxf4 59. Kxb4 1-0

[Event "*** Titled Tuesday Blitz"]
[Site "Chess.com"]
[Date "2020.04.28"]
[Round "6"]
[White "Sweafty"]
[Black "zivicd"]
[Result "1-0"]
[WhiteElo "2467"]
[BlackElo "2223"]
[TimeControl "180+1"]
[EndTime "11:08:00 PDT"]
[Termination "Sweafty won on time"]

1. Nf3 c5 2. b3 e6 3. Bb2 b6 4. g3 Bb7 5. Bg2 Nf6 6. O-O d5 7. e3 Nc6 8. c4 dxc4 9. bxc4 Be7 10. Qe2 Qc7 11. Nc3 a6 12. d3 O-O 13. Rfd1 Rfd8 14. Rab1 Rab8 15. h3 Ba8 16. g4 h6 17. Ba1 Rd7 18.
Ne1 Rbd8 19. f4 Nb4 20. Bxa8 Rxa8 21. a3 Nc6 22. Qg2 g6 23. Ne4 Nxe4 24. Qxe4 Rad8 25. Rd2 Bf8 26. Rg2 Bg7 27. Bxg7 Kxg7 28. Rgb2 Rb8 29. Kf1 Qd8 30. Ke2 Kg8 31. Nf3 Qc7 32. h4 Qd6 33. Ne5 Nxe5 34. fxe5 Qc7 35. h5 g5 36.
Rb3 Qd8 37. Rf1 b5 38. cxb5 axb5 39. Rf6 Kg7 40. Rb1 c4 41. dxc4 Rd2+ 42. Kf3 bxc4 43. Rxb8 Qxb8 44. Rxf7+ Kxf7 45. Qg6+ Ke7 46. Qg7+ Kd8 47.
Qxh6 Qxe5 48. Qf8+ Kd7 49. Qf7+ Kd6 50. Qf8+ Kc6 51.
Qa8+ Kb5 52. Qb7+ Ka5 53. Qa7+ Kb5 54. Qb7+ Kc5 55. Qa7+ Kd5 56. Qa5+ Kd6 57. Qxd2+ 1-0

[Event "*** Titled Tuesday Blitz"]
[Site "Chess.com"]
[Date "2020.04.28"]
[Round "6"]
[White "WiktoriaPOL"]
[Black "mariofs"]
[Result "0-1"]
[WhiteElo "2020"]
[BlackElo "2204"]
[TimeControl "180+1"]
[EndTime "11:08:00 PDT"]
[Termination "mariofs won by resignation"]

1. c4 c6 2. Nf3 d5 3. e3 Nf6 4. b3 Bf5 5. Bb2 e6 6. Nc3 Nbd7 7. Be2 h6 8. Rc1 Be7 9. O-O O-O 10. d4 Re8 11. Bd3 Bxd3 12. Qxd3 Bd6 13. e4 dxe4 14. Nxe4 Nxe4 15. Qxe4 Nf6 16. Qe2 a5 17. Ne5 Bxe5 18.
dxe5 Nd7 19. Rfd1 Qc7 20. f4 Nc5 21. Ba3 Na6 22. Bd6 Qb6+ 23. Kh1 Nb4 24. c5 Qa6 25. Qxa6 Nxa6 26. a3 g6 27. Rd2 Rec8 28. Rcd1 Kg7 29. Kg1 g5 30. fxg5 hxg5 31. Be7 Kg6 32. Rd7 Rc7 33.
Kf2 Re8 34. Rxc7 Nxc7 35. Bd6 Nd5 36. Kf3 Rh8 37. h3 Rh4 38. Rd3 Rf4+ 39. Kg3 Rf1 40. Kh2 Ra1 41. a4 Ra2 42. Kg1 Nf4 43. Re3 Rxg2+ 44.
Kf1 Rb2 45. Bc7 Nd5 46. Rd3 Rc2 47. Bxa5 Rxc5 48. Bd8 Nf4 49. Rd2 Rxe5 50. b4 Re4 51. b5 Rxa4 52. bxc6 bxc6 53. Rc2 Ra1+ 54. Kf2 Nxh3+ 55.
Kg3 Ra3+ 56. Kg2 Nf4+ 57. Kf2 Nd3+ 58. Ke2 Ne5 59. Kf2 g4 60. Bc7 Nd3+ 61. Ke2 Nb4 62. Rb2 Ra2 63. Bd6 Rxb2+ 0-1

[Event "*** Titled Tuesday Blitz"]
[Site "Chess.com"]
[Date "2020.04.28"]
[Round "6"]
[White "Manukyan_Artak"]
[Black "chessdjw"]
[Result "0-1"]
[WhiteElo "2398"]
[BlackElo "2581"]
[TimeControl "180+1"]
[EndTime "11:08:01 PDT"]
[Termination "chessdjw won by resignation"]

1. e4 c5 2. Nf3 d6 3. c3 Nf6 4. Bd3 g6 5. O-O Bg7 6. Bc2 O-O 7. d4 Nc6 8. d5 Nb8 9. Bg5 h6 10. Bf4 Nh5 11. Be3 e5 12. dxe6 Bxe6 13. Bb3 Nc6 14. Nbd2 Re8 15. Re1 Nf6 16. Bf4 d5 17. exd5 Nxd5 18.
Bg3 b5 19. Ne4 c4 20. Bc2 Bf5 21. Nd6 Rxe1+ 22. Nxe1 Bxc2 23. Nxc2 Nb6 24. Nxb5 Qxd1+ 25. Rxd1 Na4 26. b3 cxb3 27. axb3 Nxc3 28. Nxc3 Bxc3 29. h4 a5 30. Rd6 Nb4 31. Ne3 h5 32. Rb6 Bd4 33. Rb5 Bxe3 34. fxe3 Nc6 35. Kf2 Kg7 36. Ke2 Kf6 37. Rb6 Rc8 38. Kd3 Kf5 39. Bf2 Ne5+ 40.
Kd2 Rd8+ 41. Ke2 Rd5 42. Be1 Kg4 43. Ra6 Nd3 44. e4 Rd7 45. Rxa5 Nc1+ 46. Ke3 Rd3+ 47. Kf2 Rxb3 48. Rg5+ Kxh4 49. Rd5 Nd3+ 50. Ke3+ Nxe1+ 51. Ke2 Nxg2 52. Kf2 Nf4 53. Rd4 Kg4 54. e5 Rf3+ 55.
Ke1 Re3+ 56. Kd2 Rxe5 57. Ra4 Rf5 58. Ke3 h4 59. Ra1 h3 60. Rg1+ Ng2+ 61. Ke4 Kg3 62. Re1 h2 63. Rd1 Rf2 64. Rd3+ Kg4 65. Rg3+ Kxg3 0-1

[Event "*** Titled Tuesday Blitz"]
[Site "Chess.com"]
[Date "2020.04.28"]
[Round "6"]
[White "RianKapriaga"]
[Black "SanQui14"]
[Result "1-0"]
[WhiteElo "2196"]
[BlackElo "2300"]
[TimeControl "180+1"]
[EndTime "11:08:01 PDT"]
[Termination "RianKapriaga won by resignation"]

1. d4 Nf6 2. Nf3 g6 3. c4 Bg7 4.
Nc3 d5 5. Bg5 Ne4 6. Bh4 Nxc3 7.
bxc3 dxc4 8. e3 Be6 9. Nd2 O-O 10. Nxc4 c5 11. Be2 Nc6 12. O-O Rc8 13. Rb1 b6 14. Qa4 Qc7 15. Rfd1 cxd4 16. cxd4 Bxc4 17. Bxc4 Nxd4 18. Ba6 b5 19. Bxb5 Nxb5 20. Qxb5 Rfd8 21. Rxd8+ Rxd8 22. h3 Be5 23. Qb3 Rd2 24. Rd1 Qd6 25. Rxd2 Qxd2 26. f4 Bd6 27. Bf2 a5 28. a4 Qc1+ 29.
Kh2 Qf1 30. Bg3 Qe2 31. Qc3 Bb4 32. Qd4 Qc2 33. Qd8+ Kg7 34. Qd4+ f6 35. e4 Qxa4 36.
e5 Qc6 37. exf6+ Qxf6 38. Qa7 Bd6 39. Qxa5 Bxf4 40. Bxf4 Qxf4+ 41. Kh1 e5 42. Qc7+ Kh6 43. Qd6 Qf1+ 44. Kh2 e4 45. Qd2+ Kg7 46. Qd7+ Kf6 47. Qd4+ Kf5 48. Qd5+ Kf4 49. Qf7+ Ke3 50. Qxf1 Kd4 51.
Qe1 e3 52. Kg3 Kd3 53. Kf3 1-0

[Event "*** Titled Tuesday Blitz"]
[Site "Chess.com"]
[Date "2020.04.28"]
[Round "6"]
[White "Gabix_94"]
[Black "EvgenyRomanov"]
[Result "1/2-1/2"]
[WhiteElo "2794"]
[BlackElo "2661"]
[TimeControl "180+1"]
[EndTime "11:08:02 PDT"]
[Termination "Game drawn by stalemate"]

1. Nf3 d5 2. g3 c6 3. Bg2 Nf6 4. O-O Bg4 5. d4 e6 6. Nbd2 Be7 7. Re1 O-O 8. h3 Bh5 9. e4 a5 10. c3 a4 11. e5 Nfd7 12. Nf1 c5 13. g4 Bg6 14.
Ng3 Nc6 15. Be3 cxd4 16. cxd4 Nb6 17. b3 Nb4 18. Re2 axb3 19. axb3 Rxa1 20. Qxa1 Qa8 21. Qb2 Rc8 22. Ne1 h6 23. f4 Bh4 24. Kh2 Bxg3+ 25.
Kxg3 Be4 26. Bf1 Nd3 27. Nxd3 Bxd3 28. Rf2 Qa6 29. Bg2 Nd7 30. f5 Be4 31. Bf1 Bd3 32. Bg2 Be4 33. Bxe4 dxe4 34. Qb1 Qc6 35. Kh2 Nb6 36. fxe6 fxe6 37. h4 Rf8 38. Rxf8+ Kxf8 39.
g5 hxg5 40. Bxg5 Qd5 41. Qf1+ Kg8 42. Qh3 Nd7 43. h5 Nf8 44. Qe3 Qc6 45. Kg3 Qc2 46. Be7 Qb1 47. Bxf8 Kxf8 48. h6 Kg8 49. hxg7 b5 50. Kh4 Qh1+ 51. Kg5 Kxg7 52. Qf4 Qf3 53. Qf6+ Qxf6+ 54. exf6+ Kf7 55. Kf4 Kxf6 56. Kxe4 Ke7 57. Ke5 b4 58. d5 exd5 59. Kxd5 Kd7 60. Kc4 Kc6 61. Kxb4 Kb6 62. Kc4 Kc6 63. b4 Kb6 64. b5 Kb7 65. Kb4 Kc7 66. Kc5 Kb7 67. b6 Kb8 68.
Kb5 Kb7 69. Ka5 Kb8 70. Ka6 Ka8 71. b7+ Kb8 72. Kb6 1/2-1/2

[Event "*** Titled Tuesday Blitz"]
[Site "Chess.com"]
[Date "2020.04.28"]
[Round "6"]
[White "LuckIsMySkill"]
[Black "GameOverBro"]
[Result "1-0"]
[WhiteElo "2714"]
[BlackElo "2505"]
[TimeControl "180+1"]
[EndTime "11:08:02 PDT"]
[Termination "LuckIsMySkill won by resignation"]

1. Nf3 d6 2. d4 Nf6 3. g3 Nbd7 4. Bg2 e5 5. O-O Be7 6. c4 O-O 7. Nc3 c6 8. c5 exd4 9. cxd6 Bxd6 10. Nxd4 Nc5 11.
Bf4 Bxf4 12. gxf4 Qe7 13. e3 Nce4 14. Nxe4 Nxe4 15. Qc2 Nf6 16. Rfd1 Bd7 17. Nf5 Bxf5 18. Qxf5 Rfd8 19. Qe5 Qxe5 20. fxe5 Ng4 21. e6 fxe6 22. Bh3 h5 23. Bxg4 hxg4 24. Kg2 Kf7 25. Kg3 Rd5 26. e4 Rxd1 27. Rxd1 Ke7 28. Kxg4 Rf8 29. f4 c5 30. e5 c4 31. a4 b6 32. Rd4 Rc8 33.
Kg5 c3 34. bxc3 Rxc3 35. a5 Rc2 36. h4 Rg2+ 37. Kh5 b5 38. Rd6 Rf2 39. Ra6 Rxf4 40. Rxa7+ Kf8 41. Rb7 Kg8 42. Kg5 Ra4 43. Rxb5 Kh7 44. h5 Ra1 45. Rb6 Rxa5 46. Rxe6 Ra1 47. Re7 Kg8 48. e6 Rg1+ 49. Kf5 Rf1+ 50. Ke5 Re1+ 51.
Kd6 Rd1+ 52. Kc7 Rc1+ 53. Kd8 Re1 54. Re8+ Kh7 55. Ke7 Re5 56. Kd6 Rxh5 57. Ra8 Rh1 58. e7 Rd1+ 59. Kc5 Rc1+ 60. Kd4 Rd1+ 61. Kc3 Re1 62.
e8=Q Rxe8 63. Rxe8 Kg6 64. Re5 Kf6 65. Ra5 1-0

[Event "*** Titled Tuesday Blitz"]
[Site "Chess.com"]
[Date "2020.04.28"]
[Round "6"]
[White "Gvetadze"]
[Black "davidkalashian"]
[Result "0-1"]
[WhiteElo "2374"]
[BlackElo "2561"]
[TimeControl "180+1"]
[EndTime "11:08:02 PDT"]
[Termination "davidkalashian won on time"]

1. Nf3 Nf6 2. g3 g6 3. Bg2 Bg7 4. O-O O-O 5. d3 c6 6. e4 d6 7. Nc3 Bg4 8. h3 Bxf3 9. Bxf3 Nbd7 10. Bg2 b5 11. Be3 a6 12. Qd2 Re8 13. f4 Rc8 14. g4 c5 15. Rae1 Nb8 16. Bf2 Nc6 17. Bg3 b4 18. Nd1 Nd7 19. e5 dxe5 20. Bxc6 Rxc6 21.
fxe5 e6 22. Nf2 Rc7 23. g5 c4 24. Ng4 cxd3 25. cxd3 Qb8 26. Nf6+ Bxf6 27. gxf6 Kh8 28. Qh6 Rg8 29. Rf4 Nf8 30. Rfe4 Rc2 31. R4e2 Qc7 32. Qe3 Rxe2 33. Rxe2 Nd7 34. Kh2 Nb6 35. Qh6 Nd5 36. Bf2 a5 37. Re4 g5 38. Qh5 Qc2 39. Kg1 Qxd3 40. Rd4 Qb1+ 41. Kh2 Qxb2 42. Kg3 Qc3+ 43.
Kh2 Nf4 44. Qg4 h5 45. Qg3 Qc6 46. Rd6 Qe4 47. Rd7 Ne2 48. Qg2 Qxe5+ 49. Kh1 Nf4 50. Qf3 Qxf6 51. h4 g4 52. Qb7 Ng6 53. Rxf7 Rg7 0-1

[Event "*** Titled Tuesday Blitz"]
[Site "Chess.com"]
[Date "2020.04.28"]
[Round "6"]
[White "LizaSolovyova"]
[Black "Kopytkin"]
[Result "1-0"]
[WhiteElo "2542"]
[BlackElo "2381"]
[TimeControl "180+1"]
[EndTime "11:08:02 PDT"]
[Termination "LizaSolovyova won by checkmate"]

1. d4 d5 2. e3 c6 3. Bd3 Nf6 4.
c3 g6 5. f4 Bg7 6. Nf3 Bg4 7. Nbd2 c5 8. O-O Nc6 9. Qe1 Bxf3 10.
Rxf3 Qc7 11. a4 e6 12. Qh4 Ne7 13. g4 h5 14. g5 Nd7 15. Qf2 Nf5 16. Rb1 c4 17. Bc2 a6 18. e4 dxe4 19. Nxe4 Nb6 20. Bd2 Nd5 21. Re1 O-O 22. Nc5 b6 23. Ne4 Rfe8 24.
Rh3 b5 25. Nc5 Bf8 26. Ne4 Be7 27. Ng3 Bd6 28. Re5 b4 29. Nxf5 gxf5 30. Rxh5 Bxe5 31. fxe5 Kf8 32. Rh7 Ne7 33. Qh4 Ng6 34. Qh6+ Ke7 35.
Qxg6 Rf8 36. Qf6+ Ke8 37. g6 Qe7 38. gxf7+ Kd7 39. Qxe7+ Kxe7 40. Bg5+ Kd7 41. Bh6 bxc3 42. bxc3 Kc6 43. Bd1 Rad8 44. Bh5 Kb6 45. Bxf8 Rxf8 46. Rg7 Ka5 47. Rg8 Rxf7 48. Bxf7 Kxa4 49. Bxe6 Kb3 50.
Rc8 a5 51. Bxc4+ Kc2 52. Bb5 a4 53. Bxa4+ Kd2 54. d5 f4 55. d6 f3 56. d7 Ke3 57.
d8=Q f2+ 58. Kf1 Ke4 59. Qd4+ Kf5 60. Rf8+ Ke6 61. Qd6# 1-0

[Event "*** Titled Tuesday Blitz"]
[Site "Chess.com"]
[Date "2020.04.28"]
[Round "6"]
[White "eljanov"]
[Black "Evgeny81"]
[Result "1-0"]
[WhiteElo "2898"]
[BlackElo "2697"]
[TimeControl "180+1"]
[EndTime "11:08:03 PDT"]
[Termination "eljanov won by resignation"]

1. Nf3 d5 2. g3 Nd7 3. Bg2 e5 4. O-O Ngf6 5. c4 c6 6. d3 Bd6 7. Nc3 d4 8. Nb1 O-O 9. e3 dxe3 10.
Bxe3 Re8 11. Nc3 Nc5 12. Re1 Bf5 13. d4 Nd3 14. Re2 e4 15. Nh4 Bg4 16. f3 exf3 17. Bxf3 Bxf3 18. Nxf3 Nxb2 19. Qb3 Ng4 20. Bg5 Be7 21.
Bxe7 Rxe7 22. Qxb2 Rxe2 23. Qxe2 Qa5 24. Re1 Nf6 25.
Ne4 Nxe4 26. Qxe4 g6 27. Re2 Qc3 28. c5 Rd8 29. Kg2 Qc4 30. h4 h5 31. Rf2 b6 32. Ng5 Qd5 33. Qxd5 Rxd5 34. cxb6 axb6 35. Nxf7 Rxd4 36. Ne5 Rd6 37. Nc4 Rd4 38. Nxb6 c5 39. Rc2 Rb4 40. Nc4 Kf7 41. Kf3 Ke6 42. Kf4 Rb1 43.
a4 Ra1 44. a5 Kd5 45. Kg5 Kd4 46. Nd6 Rxa5 47. Rd2+ Kc3 48. Ne4+ Kb3 49. Kxg6 c4 50. Rf2 Re5 51. Rf3+ Kb4 52. Nc3 Ra5 53. Ne2 Re5 54. Nf4 c3 55. Nd3+ 1-0

[Event "*** Titled Tuesday Blitz"]
[Site "Chess.com"]
[Date "2020.04.28"]
[Round "6"]
[White "Lysiak_Poltorak"]
[Black "Bigfish1995"]
[Result "1-0"]
[WhiteElo "2368"]
[BlackElo "3063"]
[TimeControl "180+1"]
[EndTime "11:08:03 PDT"]
[Termination "Lysiak_Poltorak won on time"]

1. e4 c5 2. Nf3 d6 3. d4 cxd4 4. Nxd4 Nf6 5. Nc3 a6 6. Bg5 Nbd7 7.
Qd2 e6 8. f4 h6 9. Bxf6 Qxf6 10.
O-O-O Nc5 11. g4 Bd7 12. Bg2 O-O-O 13. h4 Kb8 14. g5 Qe7 15. Nb3 Nxb3+ 16. axb3 Bc6 17.
Qd4 hxg5 18. hxg5 Rxh1 19. Rxh1 e5 20. Qd2 exf4 21. Qxf4 Qe5 22. Qxe5 dxe5 23. Rf1 Be7 24. Rxf7 Bxg5+ 25. Kb1 Bf6 26. Nd5 Rd6 27. c4 Ka7 28. Bh3 Be8 29. Rf8 Bg6 30. Bf5 Bh5 31. Rg8 a5 32. Kc2 Rc6 33. Bd7 Rc5 34. Kc3 Bf7 35. Rf8 Bxd5 36. exd5 e4+ 37. Rxf6 gxf6 38. Kd4 Kb6 39.
Kxe4 Rc7 40. Be6 Kc5 41. Kf5 Kd6 42. Kxf6 Rh7 43. Bf7 b6 44. Be8 Rh2 45. Ba4 Rxb2 46.
Kf5 Re2 47. Kf4 Kc5 48. Kf5 Kd6 49. Kf4 Ke7 50. Kf5 Re1 51. Kf4 Kf6 52. Bb5 Rh1 53.
d6 Rd1 54. d7 Ke6 55. Ba4 Ke7 56. Ke5 Kd8 57. Ke6 Kc7 58. Ke5 Ra1 59. Kd5 Rd1+ 60. Ke5 1-0

[Event "*** Titled Tuesday Blitz"]
[Site "Chess.com"]
[Date "2020.04.28"]
[Round "6"]
[White "Shoytan"]
[Black "chessfrendz"]
[Result "1-0"]
[WhiteElo "2590"]
[BlackElo "2427"]
[TimeControl "180+1"]
[EndTime "11:08:03 PDT"]
[Termination "Shoytan won by checkmate"]

1. e4 c5 2. Nf3 d6 3. d4 cxd4 4. Nxd4 Nf6 5. Nc3 a6 6. Be2 e5 7. Nf3 Be7 8. Bg5 Be6 9. Bxf6 Bxf6 10. O-O O-O 11. Nd5 Be7 12. Bc4 Nd7 13.
Qe2 Nb6 14. Nxb6 Qxb6 15. Bb3 Rac8 16. Rfd1 Rfd8 17. Rab1 a5 18. Bd5 Rc5 19. Bxe6 fxe6 20. Ne1 Qc6 21. c3 Qe8 22. Qg4 Bf6 23. Nc2 d5 24.
exd5 exd5 25. Re1 Qd7 26. Qh5 d4 27. Nxd4 g6 28. Qf3 exd4 29. Qxf6 dxc3 30. bxc3 Rf8 31. Qh4 g5 32. Qg3 Qg7 33. Re3 h6 34. Rbe1 Rc7 35. h3 b5 36. Qd6 Rcf7 37. Re6 Rf6 38. Rxf6 Qxf6 39. Qxf6 Rxf6 40. Re5 Rb6 41. Kh2 b4 42.
cxb4 axb4 43. Ra5 Kg7 44. Kg3 b3 45. axb3 Rxb3+ 46. f3 Kg6 47. h4 Rb6 48. Rc5 Ra6 49. Rc8 Rb6 50. Rg8+ Kf7 51. Rh8 Kg7 52. Ra8 Kg6 53.
Ra5 Rc6 54. Ra4 Rb6 55. Kh3 Rc6 56. Ra8 Rb6 57. h5+ Kxh5 58. Rg8 g4+ 59. fxg4# 1-0

[Event "*** Titled Tuesday Blitz"]
[Site "Chess.com"]
[Date "2020.04.28"]
[Round "6"]
[White "Durarbayli"]
[Black "mishanick"]
[Result "1-0"]
[WhiteElo "2806"]
[BlackElo "3012"]
[TimeControl "180+1"]
[EndTime "11:08:04 PDT"]
[Termination "Durarbayli won by resignation"]

1. e4 c5 2. b3 Nc6 3. Bb2 Nf6 4. e5 Nd5 5. Nf3 e6 6. c4 Nf4 7. g3 Ng6 8. h4 h6 9. Bg2 b6 10. h5 Nge7 11. d4 cxd4 12. Nxd4 Bb7 13. Nb5 Nf5 14. g4 a6 15. gxf5 axb5 16. cxb5 Na5 17. Bxb7 Nxb7 18. fxe6 fxe6 19. Qf3 Nc5 20. Nd2 Be7 21. Nc4 Rf8 22. Qg3 Qc7 23. Qg6+ Rf7 24. Rh3 Qb7 25. a4 Kf8 26.
O-O-O Kg8 27. Nd6 Bxd6 28. exd6 Rc8 29. Kb1 Ne4 30. Rg1 Ng5 31. Rhg3 e5 32. Rxg5 hxg5 33. h6 Qd5 34. h7+ Kh8 35. Ka2 Rxf2 36. Qxg5 Rxb2+ 37. Kxb2 Qd4+ 38. Ka3 e4 39. Qg3 Qc5+ 40. Ka2 Qd4 41.
Qg5 Rc2+ 42. Ka3 Qb2+ 43. Kb4 Qd4+ 44. Ka3 e3 45. Qd8+ Kxh7 46. Rh1+ Kg6 47. Qe8+ Kg5 48. Qe7+ Kf4 49. Rh4+ Kf3 50. Rxd4 e2 51. Re4 g5 52. Re3+ Kf2 53. Rxe2+ Rxe2 54. Qxg5 Re6 55. Qf5+ Ke3 56. Qxe6+ dxe6 57. d7 1-0

[Event "*** Titled Tuesday Blitz"]
[Site "Chess.com"]
[Date "2020.04.28"]
[Round "6"]
[White "colegiodemadrid"]
[Black "White_Ghost"]
[Result "1-0"]
[WhiteElo "2303"]
[BlackElo "2439"]
[TimeControl "180+1"]
[EndTime "11:08:04 PDT"]
[Termination "colegiodemadrid won by resignation"]

1. e4 e5 2. Nf3 Nc6 3. Bb5 a6 4. Ba4 b5 5. Bb3 Na5 6. O-O d6 7. d4 exd4 8. Nxd4 Bb7 9. Bd2 Nxb3 10. axb3 Nf6 11. Nc3 Be7 12. Nf5 O-O 13. Re1 Re8 14. Qf3 Bf8 15. Bg5 Re6 16. Nd5 Bxd5 17. exd5 Rxe1+ 18. Rxe1 Qd7 19. Bxf6 gxf6 20. Qg4+ Kh8 21. Re7 Re8 22.
Rxe8 Qxe8 23. Ne3 Qe5 24. Qc8 Kg8 25. Qxc7 Qxb2 26. h4 Qe5 27. Qc8 a5 28. g3 a4 29.
bxa4 bxa4 30. Qg4+ Kh8 31. Qxa4 f5 32. Qd7 f4 33.
Qxf7 Bh6 34. gxf4 Qxf4 35. Qxf4 Bxf4 36. Kg2 Kg7 37. Kf3 Be5 38. Kg4 Kf6 39. f4 Bd4 40. Nf5 Bc5 41. c4 Kg6 42. Ng3 Bb4 43. h5+ Kf6 44.
Ne4+ Kf7 45. Kf5 h6 46. Nf6 Bc3 47. Ng4 Bg7 48. Ke4 Ke7 49. f5 Kf7 50. f6 Bxf6 51. Nxf6 Kxf6 52. Kf4 Ke7 53. Kf5 Kf7 54. Ke4 Kf6 55.
Kd4 Kg5 56. c5 Kf6 57. c6 Ke7 58. Ke4 Kd8 59. Kf5 Kc7 60. Kg6 1-0

[Event "*** Titled Tuesday Blitz"]
[Site "Chess.com"]
[Date "2020.04.28"]
[Round "6"]
[White "WonderChampion"]
[Black "robertofabregas"]
[Result "1-0"]
[WhiteElo "1818"]
[BlackElo "2101"]
[TimeControl "180+1"]
[EndTime "11:08:05 PDT"]
[Termination "WonderChampion won by resignation"]

1. e4 c5 2. Nf3 d6 3. Bb5+ Bd7 4. Bxd7+ Qxd7 5. O-O Nc6 6. c3 g6 7. d4 cxd4 8. cxd4 Bg7 9. Nc3 e6 10. Re1 a6 11. d5 Ne5 12. dxe6 Nxf3+ 13. Qxf3 fxe6 14. Bf4 e5 15. Be3 Nf6 16. Qd1 O-O 17. Bg5 Ng4 18. Re2 h6 19. Be3 Rad8 20. Nd5 Nf6 21. Nxf6+ Rxf6 22. Qd5+ Qf7 23. Qxf7+ Rxf7 24. Rd1 Rfd7 25. Red2 Kf7 26. Bb6 Rc8 27. g3 Ke6 28. Kg2 g5 29.
b3 Rc6 30. Be3 b5 31. f4 exf4 32. gxf4 gxf4 33. Bxf4 Bf8 34. Rf2 Be7 35. Bxh6 d5 36. exd5+ Rxd5 37. Re2+ Re5 38. Rxe5+ Kxe5 39. Re1+ Kd6 40.
Bf4+ Kd7 41. Re2 Rc5 42. h4 Rh5 43. Bg3 Bd6 44. Rd2 Rh6 45. Bxd6 Rxd6 46. Rxd6+ Kxd6 47. Kg3 Ke5 48. Kg4 Kf6 49. h5 Kg7 50. Kg5 a5 51. a3 b4 52. a4 Kh7 53. h6 Kg8 54. Kf6 Kh7 55. Ke5 Kxh6 56. Kd5 Kg6 57. Kc5 Kf6 58. Kb5 Ke6 59. Kxa5 Kd6 60. Kxb4 Kc6 61. a5 Kb7 62. Ka4 Ka6 63. b4 Kb7 64. b5 Ka7 65. Kb4 Kb7 66. Kc5 Ka7 67. a6 Kb8 68. b6 Ka8 69.
Kc6 Kb8 70. b7 Ka7 71. Kc7 Kxa6 72. b8=Q Ka5 73. Kc6 Ka4 74. Kc5 1-0

[Event "*** Titled Tuesday Blitz"]
[Site "Chess.com"]
[Date "2020.04.28"]
[Round "6"]
[White "MergenKakabaev"]
[Black "morfius"]
[Result "0-1"]
[WhiteElo "2446"]
[BlackElo "2600"]
[TimeControl "180+1"]
[EndTime "11:08:06 PDT"]
[Termination "morfius won by resignation"]

1. e4 c5 2. Nf3 d6 3. d4 cxd4 4. Nxd4 Nf6 5. Nc3 a6 6. Bg5 Nbd7 7. Qe2 h6 8. Bh4 g6 9. f4 e5 10. fxe5 dxe5 11. O-O-O Qc7 12. Nb3 Be7 13. Qc4 Qxc4 14. Bxc4 O-O 15. Rhf1 Kg7 16. Na5 Bb4 17. Nb3 Bxc3 18.
bxc3 g5 19. Be1 Nxe4 20. Bd5 Nef6 21. c4 Rb8 22. Bc3 Re8 23. Na5 Nb6 24. Rde1 Nfxd5 25. Rxe5 Kf8 26. cxd5 Bd7 27. Bb4+ Kg7 28. Rxe8 Bxe8 29. c4 Nxc4 30. Bc3+ Kg8 31. Nxc4 Rc8 32. Re1 Bb5 33. d6 Rxc4 34. Kb2 Rc8 35. Re7 Rd8 36. Bb4 Rd7 37.
Re5 f6 38. Re8+ Kf7 39. Rh8 Kg6 40. Rc8 h5 41. Kc3 h4 42. Kd4 Kf5 43. g3 hxg3 44. hxg3 Kg4 45. Rf8 f5 46. Ke5 Kxg3 47. Kxf5 g4 48.
Rg8 Bd3+ 49. Ke6 Bb5 50. Rg5 Rh7 51. Rf5 Bd7+ 52. Ke5 Bxf5 53. Kxf5 Kf3 54. Ke6 g3 55. d7 Rh8 56. Ke7 g2 57. Bc5 b5 58. d8=Q Rxd8 59.
Kxd8 a5 60. Kc7 b4 61. Kb6 a4 62. Kb5 b3 63. axb3 axb3 64. Bd4 b2 0-1